Map: Triton LE

Players

wirorioux - Winner!

  • Race: Terran Terran
  • League: Gold
  • Spawn Location: 11:00

Ratl

  • Race: Protoss Protoss
  • League: Silver
  • Spawn Location: 5:00

VOD

Have the link to the VOD?

Description

Time

  • Played on: Feb. 7, 2020, 11:50 a.m.
  • Length: 4:35
Show
View Real Time Build Order
Export as new Build Order

wirorioux Terran - Winner!

Build Orders:  

Get SALT Encoding   

  12  0:01  SCV  
  13  0:13  SCV  
  14  0:25  SCV  
  14  0:26  Supply Depot  
  15  0:49  SCV  
  16  0:58  Barracks  
  16  1:01  SCV  
  16  1:02  Barracks  
  17  1:09  Barracks  
  17  1:16  Barracks  
  17  1:28  Barracks  
  17  1:39  Supply Depot  
  17  1:54  Marine  
  17  1:55  Marine  
  17  2:00  Marine  
  20  2:02  Supply Depot  
  20  2:18  Marine x4  
  20  2:21  Marine  
  25  2:35  Supply Depot  
  25  2:36  Marine x2  
  27  2:37  Marine  
  27  2:38  Marine  
  29  2:44  Marine  
  30  2:53  Marine  
  30  2:54  Marine  
  32  3:08  Marine  
  32  3:09  Marine x2  
  32  3:11  Marine x2  
  37  3:24  Supply Depot  
  37  3:26  Marine x2  
  37  3:27  Marine  
  39  3:29  Marine  
  39  3:34  Orbital Command  
  41  3:40  Marine  
  42  3:44  Marine x2  
Show
View Real Time Build Order
Export as new Build Order

Ratl Protoss 

Build Orders:  

Get SALT Encoding   

  12  0:01  Probe  
  13  0:13  Probe  
  14  0:19  Pylon  
  14  0:25  Probe  
  15  0:39  Probe  
  15  0:40  Gateway  
  16  0:52  Probe  
  17  1:04  Probe  
  18  1:08  Assimilator  
  18  1:16  Probe  
  20  1:32  Probe  
  20  1:44  Probe  
  20  1:45  Cybernetics Core  
  21  1:54  Nexus  
  21  1:57  Probe (Chrono Boost)  
  21  1:59  Assimilator  
  22  2:08  Probe (Chrono Boost)  
  22  2:19  Probe  
  22  2:22  Gateway  
  23  2:35  Pylon  
  23  2:44  Pylon  
  23  2:49  Pylon  
  23  2:53  Probe, Stalker  
  23  2:55  Forge  
  26  3:05  Probe  
  26  3:09  Stalker, Robotics Facility  
  29  3:18  Probe  
  30  3:26  Stalker  
  32  3:30  Probe  
  33  3:42  Probe  
  33  3:43  Nexus, Stalker  
  34  3:54  Probe  
  34  3:56  Photon Cannon  
  34  3:59  Photon Cannon  
  34  4:03  Stalker  
  34  4:07  Photon Cannon  
Tags
 
Matchup
PvT
Spawn Locations
Cross Positions
Add a new tag
Caveats
  • Supply blocks, unpowered buildings, or Contaminate may cause inaccurate times.
  • Supply counts are checked every 10 seconds.